 Dungeon Crawl Stone Soup version 0.23.1 (webtiles) character file.

Game seed: 434966895860105552

293307 toffzen the Warrior (level 19, -1/170 HPs)
             Began as a Demigod Fire Elementalist on Feb 17, 2019.
             Killed from afar by a wizard (14 damage)
             ... with an orb of energy
             ... on level 3 of the Vaults on Mar 9, 2019.
             The game lasted 04:31:36 (83048 turns).

toffzen the Warrior (Demigod Fire Elementalist)    Turns: 83048, Time: 04:31:37

Health: -1/170     AC: 16    Str: 11    XL:     19   Next: 24%
Magic:  0/56       EV: 16    Int: 35    God:
Gold:   1667       SH:  5    Dex: 12    Spells: 14/44 levels left

rFire    + . .     SeeInvis .   d - staff of power
rCold    . . .     Gourm    .   D - +0 buckler
rNeg     . . .     Faith    .   y - +4 ring mail of Gozag's Hope {Int+4 Dex-4 Stlth+}
rPois    .         Spirit   +   r - +1 helmet
rElec    .         Reflect  .   B - scarf {repulsion}
rCorr    .         Harm     .   T - +0 pair of gloves
MR       ++...                  s - +1 pair of boots {run}
Stlth    ++........             n - amulet of guardian spirit
HPRegen  0.38/turn              N - ring of protection from fire
MPRegen  0.35/turn              v - ring of protection from magic

@: about to teleport, hasted, repel missiles, very quick
A: high mp 1
}: 2/15 runes: serpentine, barnacled
a: no special abilities


You were on level 3 of the Vaults.
You were hungry.

You visited 6 branches of the dungeon, and saw 35 of its levels.
You visited 1 bazaar.

You collected 3286 gold pieces.
You spent 1619 gold pieces at shops.

Inventory:

Hand Weapons
 i - a +1 antimagic demon trident
 p - the +4 war axe "Gyenyzat" {holy, Str+3 Int+3 Dex+3}
   (You found it on level 3 of the Lair of Beasts)

   It has been blessed by the Shining One to cause great damage to the undead
   and demons.
   It affects your strength (+3).
   It affects your intelligence (+3).
   It affects your dexterity (+3).
Missiles
 J - 13 throwing nets (quivered)
 Q - 832 stones
Armour
 r - a +1 helmet (worn)
 s - a +1 pair of boots of running (worn)
 y - the +4 ring mail of Gozag's Hope (worn) {Int+4 Dex-4 Stlth+}
   (You found it on level 9 of the Dungeon)

   It affects your intelligence (+4).
   It affects your dexterity (-4).
   It makes you more stealthy.
 B - a scarf of repulsion (worn)
 D - a +0 buckler (worn)
 T - a +0 pair of gloves (worn)
Magical Staves
 a - an uncursed staff of earth
 b - an uncursed staff of fire
 c - an uncursed staff of energy
 d - an uncursed staff of power (weapon)
Jewellery
 n - an amulet of guardian spirit (around neck)
 o - an uncursed ring of wizardry
 t - an uncursed ring of protection from cold
 v - a ring of protection from magic (right hand)
 N - a ring of protection from fire (left hand)
 O - a +4 ring of intelligence
Wands
 e - a wand of digging (22)
 h - a wand of polymorph (3)
 u - a wand of acid (6)
 P - a wand of iceblast (6)
 U - a wand of paralysis (23)
 W - a wand of scattershot (5)
Scrolls
 w - 16 scrolls of remove curse
 x - 5 scrolls of amnesia
 z - 2 scrolls of teleportation
 K - a scroll of summoning
 L - 2 scrolls of enchant weapon
 M - 3 scrolls of vulnerability
 S - 2 scrolls of magic mapping
 V - a scroll of enchant armour
Potions
 f - a potion of curing
 g - 2 potions of cancellation
 j - 5 potions of brilliance
 l - 7 potions of flight
 m - 2 potions of ambrosia
 q - 3 potions of agility
 A - 2 potions of resistance
 C - 5 potions of lignification
 E - 3 potions of berserk rage
 F - 7 potions of might
 I - a potion of haste
 Y - 3 potions of mutation
Miscellaneous
 X - 2 phantom mirrors
Comestibles
 G - 21 rations


   Skills:
 + Level 15.5 Fighting
 - Level 6.0 Armour
 - Level 12.0 Dodging
 - Level 1.7 Stealth
 - Level 4.0 Shields
 - Level 13.0 Spellcasting
 + Level 15.5 Conjurations
 - Level 12.0 Fire Magic
 + Level 12.7 Earth Magic


You had 14 spell levels left.
You knew the following spells:

 Your Spells              Type           Power        Failure   Level  Hunger
a - Flame Tongue          Conj/Fire      #####        0%          1    None
b - Conjure Flame         Conj/Fire      #######.     1%          3    None
c - Sticky Flame          Conj/Fire      #######.     1%          4    None
d - Fireball              Conj/Fire      #######...   1%          5    None
e - Throw Flame           Conj/Fire      ######       1%          2    None
f - Confusing Touch       Hex            ###...       3%          1    None
g - Bolt of Magma         Conj/Fire/Erth #######...   1%          5    None
h - Iron Shot             Conj/Erth      #######...   1%          6    ###....
i - Apportation           Tloc           ###...       3%          1    None
j - Passwall              Tmut/Erth      ######..     1%          2    None

Your spell library contained the following spells:

 Spells                   Type           Power        Failure   Level  Hunger
 Sandblast                Erth           ######       1%          1    None
 Inner Flame              Hex/Fire       ######..     1%          3    None
 Stone Arrow              Conj/Erth      ######       1%          3    None
 Lee's Rapid Deconstruct  Erth           #######...   1%          5    None
 Leda's Liquefaction      Hex/Erth       ######....   2%          4    None
 Petrify                  Tmut/Erth      ######..     2%          4    None
 Animate Skeleton         Necr           N/A          3%          1    None
 Summon Small Mammal      Summ           ###.         3%          1    None
 Irradiate                Conj/Tmut      ######....   4%          5    None
 Statue Form              Tmut/Erth      ######...    41%         6    ###....
 Hydra Form               Tmut           ###.......   99%         6    ###....
 Dragon Form              Tmut           ###.......   100%        7    #####..
 Shatter                  Erth           #######...   100%        9    #######


Dungeon Overview and Level Annotations

Branches:
Dungeon (15/15)            Temple (0/1) D:6            Lair (6/6) D:9
 Shoals (4/4) Lair:4        Snake (4/4) Lair:3        Slime (0/5) Lair:5
    Orc (2/2) D:12            Elf (0/3) Orc:2        Vaults (4/5) D:13
  Crypt (0/3) Vaults:3     Depths (0/5) D:15

Shops:
D:4 }[*   D:11 [!?   Orc:1 [   Orc:2 ([*:(

Annotations:
D:14 1 runed translucent door, Qymaymp's ghost, adept GrEE
Lair:4 exclusion: door
Lair:5 exclusion: oklob plant
Snake:1 1 runed translucent door
Snake:2 exclusion: Roxanne, Roxanne
Vaults:1 3 runed translucent doors, exclusion: door
Vaults:4 Sojobo


Innate Abilities, Weirdness & Mutations

You have an increased reservoir of magic. (+10% MP)


Message History

The wizard blinks!
You open the door.
A fire dragon, an ogre and a two-headed ogre come into view.
The ogre shouts!
The two-headed ogre shouts in stereo!
You hear two shouts!
You hear a shout! x2
A slime creature suddenly becomes a large slime creature.
An ogre comes into view. It is wielding a +0 giant club.
An ogre mage comes into view. It is wielding a +0 spear.
The fire dragon moves out of view.
The ogre mage shouts!
You are feeling hungry.
The fire dragon breathes flames at you. The blast of flame hits you!!
You resist.
* * * LOW HITPOINT WARNING * * *
You hear a shout!
As you read the scroll of teleportation, it crumbles to dust.
You feel strangely unstable. The wizard casts a spell at you.
The orb of energy hits you!
You die...

,*<,,,,,,,,,,*,,,*,,,,*,,,*,,,,*,
,*,,,*,,,*,,,****+****+****,,,,*,
,**,***##**,**,,,*,,,,*,,,*,,,,*,
,*,,,*,..#,,,*,,,*,,,,*,,,*,,,,+,
,*,,,,,,..O,,****+****+****,,,,*,
,*,,,*,,,#.O,*,,,*,,,,*,,,*,,,,*,
,**,*****##O#*,,,*,,,,*,,,*,,,,*,
,*,,,*,..#...##############,,,,**
,*,,,,,......O..@..........,,,,,,
,*,,,*,,.#..D#.p........#*******,
,*******######...!......#,,,,,,*,
,,,,,,,,........?..J....#,,,,,,*,
,,,,,,,,...#########J..[#,,,,,,*,
,,,,,,,,.,,*,,,,,,,#.J..#,,,,,,*,
,,,,,,,,,,,+,**,**,#.p..#,,,,,,*,
,,,,********,*,*,*,#...(#,,,,,,*,
,,,,*,,,,,,*,,*>*,,#JJJ.#,,,,,,#.


You could see a fire dragon, a large slime creature, 2 slime creatures, an
ironbrand convoker, a wizard and an ogre.

Vanquished Creatures
  Frederick (Vaults:1)
  2 krakens
  An ancient champion (Vaults:1)
  Frances (D:14)
  Kirke (D:14)
  3 tengu reavers
  8 nagarajas
  Louise (Snake:4)
  A fire giant (Vaults:4)
  An orc warlord (Orc:2)
  4 vault wardens
  A war gargoyle (Vaults:1)
  A spriggan defender (Vaults:1)
  9 ironheart preservers
  Snorg (D:14)
  2 deep elf death magi (Vaults:1)
  3 merfolk javelineers
  11 merfolk impalers
  A fire dragon (Vaults:1)
  2 great orbs of eyes
  A yaktaur captain (Vaults:1)
  8 ogre magi
  4 vault guards
  12 hydras
  An ice dragon (Shoals:3)
  Harold (D:8)
  A catoblepas (Lair:6)
  16 naga warriors
  A death knight (Vaults:4)
  7 merfolk avatars
  6 merfolk aquamancers
  7 centaur warriors
  11 anacondas
  29 two-headed ogres
  2 deep troll shamans
  A satyr (Shoals:4)
  A tengu warrior (D:12)
  A deep troll earth mage (Vaults:1)
  An orc high priest (Orc:2)
  Urug (D:11)
  Nergalle (Lair:1)
  A deep elf knight (Vaults:1)
  3 shock serpents
  Sonja (D:11)
  12 naga sharpshooters
  The ghost of Terandir the Cleaver, a novice MiFi (D:9)
  2 salamander mystics
  14 sea snakes
  12 skeletal warriors
  4 unseen horrors
  A flayed ghost (Vaults:4)
  12 deep trolls
  7 naga ritualists
  15 harpies
  2 wolf spider zombies
  5 wizards
  4 ironbrand convokers
  15 mana vipers
  10 orc knights
  7 deep elf magi
  Pikel (D:7)
  An orb spider (shapeshifter) (Vaults:1)
  4 wolf spiders
  7 salamanders
  11 ugly things
  9 orc sorcerers
  6 cyclopes
  4 guardian serpents
  A faun (Shoals:2)
  2 centaur zombies
  Maurice (D:11)
  22 manticores
  10 merfolk sirens
  An ice statue (Lair:6)
  3 vault sentinels
  2 water nymphs
  36 black mambas
  A black mamba (shapeshifter) (Vaults:1)
  5 gargoyles
  11 naga magi
  A torpor snail (Lair:4)
  16 spiny frogs
  8 rime drakes
  19 yaktaurs
  10 komodo dragons
  A yaktaur (shapeshifter) (Vaults:4)
  4 guardian mummies (D:15)
  2 freezing wraiths
  4 harpy zombies (Shoals:1)
  22 merfolk
  10 polar bears
  3 meliai
  7 trolls
  10 slime creatures
  6 wind drakes
  6 hornets
  11 snapping turtles
  Grinder (D:5)
  20 blink frogs
  20 hippogriffs
  9 water elementals
  A centaur simulacrum (D:15)
  A wraith (Vaults:1)
  A vampire (D:13)
  12 wyverns
  4 hungry ghosts
  62 yaks
  5 hogs (D:14)
  A yaktaur simulacrum (Vaults:1)
  10 basilisks
  Edmund (D:6)
  3 vampire mosquitoes (D:12)
  A soldier ant (D:11)
  59 nagas
  A naga (shapeshifter) (Vaults:1)
  7 wargs
  Duvessa (D:6)
  A hell hound (D:14)
  3 acid dragons
  15 water moccasins
  14 porcupines
  15 ice beasts
  37 orc warriors
  2 sky beasts
  3 slaves (D:7)
  An eye of draining (D:11)
  2 black bears
  34 ogres
  8 wolves
  25 centaurs
  2 phantoms
  9 boggarts
  19 crocodiles
  23 bullfrogs
  A hippogriff zombie (Shoals:1)
  Dowan (D:6)
  A glowing shapeshifter simulacrum (Vaults:1)
  4 scorpions
  2 troll zombies (D:12)
  A hornet simulacrum (Vaults:1)
  A wyvern skeleton (D:12)
  A water moccasin skeleton (D:7)
  14 killer bees
  11 wights
  5 howler monkeys
  An electric eel (Lair:4)
  6 crimson imps
  2 bullfrog zombies
  A quasit (D:6)
  5 hounds
  13 jellies
  2 bullfrog skeletons (D:13)
  A gnoll shaman (Orc:2)
  20 orc priests
  Crazy Yiuf (D:6)
  3 centaur skeletons
  5 iguanas
  Ijyb (D:2)
  27 orc wizards
  Natasha (thrice) (D:3)
  11 worker ants
  4 ogre zombies (D:12)
  A hound zombie (D:5)
  A hound skeleton (D:8)
  A howler monkey zombie (D:8)
  3 worker ant zombies
  4 mummies (D:15)
  8 gnolls
  18 adders
  5 shadow imps
  4 white imps (Lair:6)
  12 oozes
  2 adder zombies
  6 worms
  A dart slug (D:2)
  4 leopard geckos
  89 orcs
  A bat zombie (Shoals:1)
  3 giant cockroaches
  4 goblins
  11 hobgoblins
  14 jackals
  4 quokkas
  10 bats
  5 frilled lizards
  A goblin zombie (D:12)
  A hobgoblin skeleton (D:12)
  5 hobgoblin zombies (D:12)
  9 kobolds
  A leopard gecko skeleton (D:5)
  10 orc zombies (D:12)
  A quokka skeleton (D:4)
  7 rats
  A butterfly (Lair:2)
  5 fungi
  9 plants
  A tentacle (Shoals:1)
1417 creatures vanquished.

Vanquished Creatures (collateral kills)
  2 yaktaurs (Vaults:1)
  A wight (D:8)
  A crimson imp (D:8)
4 creatures vanquished.

Vanquished Creatures (others)
  Asterion (Vaults:1)
  An orc (D:15)
  2 orc zombies (D:12)
  2 bushes (D:9)
  42 fungi
  45 plants
  33 tentacles
126 creatures vanquished.

Grand Total: 1547 creatures vanquished

Notes
Turn   | Place    | Note
-------+----------+-------------------------------------------
     0 | D:1      | toffzen the Demigod Fire Elementalist began the quest for
                  | the Orb.
     0 | D:1      | Reached XP level 1. HP: 14/14 MP: 5/5
   127 | D:1      | Reached skill level 1 in Conjurations
   277 | D:1      | Reached XP level 2. HP: 8/20 MP: 0/7
   527 | D:1      | Found a sparkling altar of Nemelex Xobeh.
  1067 | D:2      | Reached XP level 3. HP: 26/26 MP: 4/8
  1150 | D:2      | Learned a level 3 spell: Conjure Flame
  1164 | D:2      | You fall through a shaft for 2 floors!
  1177 | D:4      | Found Nuuxiz's Antique Armour Shoppe.
  2021 | D:2      | Reached XP level 4. HP: 30/33 MP: 7/10
  2231 | D:2      | Learned a level 4 spell: Sticky Flame
  2664 | D:2      | Reached XP level 5. HP: 38/38 MP: 8/11
  3001 | D:3      | Noticed Natasha
  3006 | D:3      | Killed Natasha
  3056 | D:3      | Noticed Natasha
  3064 | D:3      | Killed Natasha
  3317 | D:3      | Noticed Natasha
  3385 | D:3      | Noticed Ijyb
  3575 | D:2      | Killed Ijyb
  3945 | D:3      | Reached skill level 1 in Fighting
  4040 | D:3      | Reached XP level 6. HP: 47/47 MP: 9/13
  4285 | D:3      | Killed Natasha
  4717 | D:4      | Found Qieguaw's Gadget Shoppe.
  4995 | D:4      | Found Diacro's Assorted Antiques.
  5148 | D:4      | Found a hide-covered altar of Uskayaw.
  5188 | D:5      | Entered Level 5 of the Dungeon
  5195 | D:5      | You fall through a shaft for 3 floors!
  5850 | D:7      | Reached skill level 5 in Fire Magic
  5949 | D:7      | Reached XP level 7. HP: 53/53 MP: 9/15
  6024 | D:7      | Noticed Pikel
  6700 | D:7      | Killed Pikel
  6700 | D:7      | Reached skill level 5 in Conjurations
  6700 | D:7      | Reached XP level 8. HP: 63/63 MP: 7/17
  7331 | D:5      | Found a white marble altar of Elyvilon.
  7540 | D:5      | Noticed Grinder
  7547 | D:5      | Killed Grinder
  7688 | D:4      | Learned a level 5 spell: Fireball
  9177 | D:6      | Noticed Duvessa
  9178 | D:6      | Noticed Dowan
  9210 | D:6      | Killed Duvessa
  9210 | D:6      | Reached skill level 1 in Shields
  9391 | D:6      | Found a runed translucent door.
  9392 | D:6      | Noticed Crazy Yiuf
  9438 | D:6      | Reached XP level 9. HP: 71/71 MP: 8/19
  9781 | D:6      | Found a staircase to the Ecumenical Temple.
  9837 | D:6      | Noticed Edmund
 10320 | D:6      | Killed Dowan
 10463 | D:6      | Killed Edmund
 12159 | D:8      | Identified the +5 ring mail "Taneumon Sesh" {rN+ Stlth+}
 12176 | D:8      | Reached skill level 5 in Spellcasting
 13093 | D:8      | Noticed Harold
 13297 | D:8      | Learned a level 2 spell: Throw Flame
 13304 | D:8      | Reached XP level 10. HP: 80/80 MP: 14/21
 13381 | D:8      | Learned a level 1 spell: Confusing Touch
 13647 | D:8      | Reached skill level 5 in Fighting
 13753 | D:8      | Killed Harold
 14177 | D:9      | Found a transporter.
 14177 | D:9      | Noticed a two-headed ogre
 14178 | D:9      | Noticed Terandir's ghost (novice MiFi)
 14180 | D:9      | Found a transporter.
 14180 | D:9      | Noticed a two-headed ogre
 14182 | D:9      | Noticed a two-headed ogre
 14862 | D:9      | Found a staircase to the Lair.
 15756 | D:9      | Found a glowing silver altar of Zin.
 15945 | D:9      | Got a topaz-encrusted ring mail
 15996 | D:9      | Found an iron altar of Okawaru.
 15996 | D:9      | Found a snail-covered altar of Cheibriados.
 16039 | D:10     | Entered Level 10 of the Dungeon
 16509 | D:10     | Reached XP level 11. HP: 89/89 MP: 18/24
 17086 | D:10     | Identified the +4 ring mail of Gozag's Hope {Int+4 Dex-4
                  | Stlth+} (You found it on level 9 of the Dungeon)
 17391 | D:11     | Noticed Maurice
 17394 | D:11     | Killed Maurice
 17761 | D:11     | Reached skill level 10 in Fire Magic
 18272 | D:11     | Found Silergh's Magic Scroll Emporium.
 18314 | D:11     | Bought a scroll of identify for 30 gold pieces
 18377 | D:11     | Noticed Urug
 18380 | D:11     | Killed Urug
 18488 | D:11     | Noticed Sonja
 18556 | D:11     | Reached skill level 10 in Conjurations
 18755 | D:11     | Killed Sonja
 19004 | D:11     | Noticed a skeletal warrior
 19022 | D:11     | Noticed a skeletal warrior
 19023 | D:11     | Noticed a skeletal warrior
 19023 | D:11     | Noticed a skeletal warrior
 19261 | D:11     | Found Eqozesk's Distillery.
 19266 | D:11     | Bought a potion of brilliance for 72 gold pieces
 19266 | D:11     | Bought a potion of haste for 180 gold pieces
 19266 | D:11     | Bought a potion of might for 72 gold pieces
 19285 | D:11     | Found Tyup's Armour Shoppe.
 19412 | Lair:1   | Entered Level 1 of the Lair of Beasts
 19539 | Lair:1   | Noticed Nergalle
 19542 | Lair:1   | Noticed a seven-headed hydra
 19546 | Lair:1   | Killed Nergalle
 20054 | Lair:1   | Killed a seven-headed hydra
 21295 | Lair:2   | Reached XP level 12. HP: 103/103 MP: 15/26
 21895 | Lair:2   | Noticed an eight-headed hydra
 22145 | Lair:2   | Reached skill level 5 in Dodging
 22777 | Lair:2   | Killed an eight-headed hydra
 23303 | Lair:3   | Reached skill level 10 in Fighting
 24261 | Lair:3   | Got a smoking war axe
 24262 | Lair:3   | Identified the +4 war axe "Gyenyzat" {holy, Str+3 Int+3
                  | Dex+3} (You found it on level 3 of the Lair of Beasts)
 24856 | Lair:3   | Found a staircase to the Snake Pit.
 26787 | Lair:4   | Found a staircase to the Shoals.
 27871 | Lair:5   | Found a staircase to the Slime Pits.
 27882 | Lair:5   | Reached XP level 13. HP: 87/113 MP: 14/30
 29562 | Lair:5   | Upgraded the game from 0.23.0 to 0.23.0-2-g0fe3ce5
 29567 | Lair:6   | Entered Level 6 of the Lair of Beasts
 35002 | D:12     | Found a stormy altar of Qazlal.
 35215 | D:12     | Reached skill level 10 in Spellcasting
 35215 | D:12     | Reached XP level 14. HP: 66/121 MP: 11/32
 36299 | D:12     | Found a staircase to the Orcish Mines.
 37126 | Orc:1    | Entered Level 1 of the Orcish Mines
 37557 | Orc:2    | Entered Level 2 of the Orcish Mines
 38890 | Orc:2    | Found a staircase to the Elven Halls.
 38900 | Orc:2    | Reached skill level 1 in Armour
 39480 | Orc:2    | Noticed an orc warlord
 39835 | Orc:2    | Found Pyheugax's Antique Weapon Shoppe.
 40748 | Orc:1    | Found Kuwkal's Armour Boutique.
 40962 | Orc:1    | You fall through a shaft!
 41178 | Orc:2    | Found a roughly hewn altar of Beogh.
 41192 | Orc:2    | Killed an orc warlord
 41588 | Orc:2    | Found Qeprebel's Antique Weapon Shoppe.
 41603 | Orc:2    | Found Rifax's General Store.
 41638 | Orc:2    | Found Foenn's Antique Armour Shoppe.
 41655 | Orc:2    | Found Ejeg Via's Book Shoppe.
 41662 | Orc:2    | Bought a book of the Earth for 910 gold pieces
 41668 | Orc:2    | Learned a level 5 spell: Bolt of Magma
 41675 | Orc:2    | Learned a level 6 spell: Iron Shot
 42102 | D:12     | Reached skill level 1 in Earth Magic
 43011 | D:13     | Found a gate to the Vaults.
 43514 | D:13     | Found a shadowy altar of Dithmenos.
 44108 | D:14     | Upgraded the game from 0.23.0-2-g0fe3ce5 to
                  | 0.23.0-3-gf3c87f2
 44438 | D:14     | Found a runed translucent door.
 44439 | D:14     | Noticed Qymaymp's ghost (adept GrEE)
 44456 | D:14     | Reached skill level 5 in Earth Magic
 44499 | D:14     | Noticed Snorg
 44504 | D:14     | Killed Snorg
 44970 | D:14     | Noticed Kirke
 45243 | D:14     | Noticed Frances
 45487 | D:14     | Reached XP level 15. HP: 116/128 MP: 15/35
 45591 | D:14     | Killed Kirke
 46001 | D:14     | Killed Frances
 47455 | D:15     | Entered Level 15 of the Dungeon
 48863 | D:15     | Reached skill level 10 in Earth Magic
 51229 | D:15     | Found a staircase to the Depths.
 51415 | Orc:2    | Bought a pair of embroidered boots for 247 gold pieces
 51422 | Orc:2    | Identified a +0 pair of boots of running (You bought it in
                  | a shop on level 2 of the Orcish Mines)
 51719 | D:11     | Bought a potion of curing for 54 gold pieces
 51719 | D:11     | Bought a potion of curing for 54 gold pieces
 51823 | Snake:1  | Entered Level 1 of the Snake Pit
 52360 | Snake:1  | Reached XP level 16. HP: 138/138 MP: 6/36
 52724 | Snake:1  | Found a runed translucent door.
 57669 | Snake:2  | Identified Roxanne's Volume of Transformation
 57669 | Snake:2  | Noticed Roxanne
 59738 | Snake:3  | Got a pitted scimitar
 59747 | Snake:3  | Identified the cursed +3 scimitar "Ezumoitz" {distort,
                  | rElec rN+} (You found it on level 3 of the Snake Pit)
 60473 | Snake:4  | Entered Level 4 of the Snake Pit
 60611 | Snake:4  | Noticed Louise
 62359 | Snake:4  | Killed Louise
 63246 | Snake:4  | Reached skill level 10 in Dodging
 63246 | Snake:4  | Reached XP level 17. HP: 142/150 MP: 0/37
 65018 | Snake:4  | Got a serpentine rune of Zot
 65250 | D:6      | Killed Crazy Yiuf
 65340 | D:9      | Killed Terandir's ghost
 65795 | Shoals:1 | Entered Level 1 of the Shoals
 66917 | Shoals:1 | You fall through a shaft!
 68152 | Shoals:2 | Found a white marble altar of Elyvilon.
 70781 | Shoals:4 | Entered Level 4 of the Shoals
 71378 | Shoals:3 | Reached skill level 15 in Conjurations
 71623 | Shoals:4 | Found a runed translucent door.
 72701 | Shoals:4 | Reached XP level 18. HP: 160/160 MP: 20/39
 73179 | Shoals:4 | Reached skill level 5 in Armour
 74114 | Shoals:4 | Got a barnacled rune of Zot
 74296 | Lair:4   | Upgraded the game from 0.23.0-3-gf3c87f2 to 0.23.1
 74439 | Vaults:1 | Entered Level 1 of the Vaults
 75495 | Vaults:1 | Learned a level 1 spell: Apportation
 75498 | Vaults:1 | Learned a level 2 spell: Passwall
 75518 | Vaults:1 | Noticed Frederick
 75519 | Vaults:1 | Noticed Asterion
 75528 | Vaults:1 | Killed Frederick
 78172 | Vaults:1 | Reached skill level 15 in Fighting
 78938 | Vaults:1 | Found a runed translucent gate.
 78938 | Vaults:1 | Found a runed translucent gate.
 78938 | Vaults:1 | Found a runed translucent gate.
 78938 | Vaults:1 | Noticed a tentacled monstrosity
 79460 | Vaults:1 | Found a gateway to a bazaar.
 79469 | Bazaar   | Entered a bazaar
 79474 | Bazaar   | Found Ostropnu's General Store.
 79493 | Bazaar   | Found Huabaobe's Jewellery Shoppe.
 79497 | Bazaar   | Found Ycleur Bappe's Book Boutique.
 79504 | Bazaar   | Found Arghunim's Food Emporium.
 80222 | Vaults:1 | Killed Asterion
 80663 | Vaults:1 | Noticed a tentacled monstrosity
 80663 | Vaults:1 | Noticed a tentacled monstrosity
 80673 | Vaults:1 | Noticed a tentacled monstrosity
 81110 | Vaults:2 | Reached XP level 19. HP: 170/170 MP: 28/41
 81637 | Vaults:2 | You fall through a shaft for 2 floors!
 82071 | Vaults:4 | Noticed Sojobo
 83048 | Vaults:3 | Killed from afar by a wizard

Skill      XL: |  1  2  3  4  5  6  7  8  9 10 11 12 13 14 15 16 17 18 |
---------------+-------------------------------------------------------+-----
Conjurations   | 1 2 3 4 5 6 7 9 10 11 12 13 14 15 | 15.5
Spellcasting   | 2 3 4 5 6 7 9 10 11 12 13 | 13.0
Fire Magic     | 3 4 5 6 7 8 9 10 11 12 | 12.0
Fighting       | 1 3 4 5 8 10 11 13 14 15 | 15.5
Shields        | 1 2 4 |  4.0
Dodging        | 4 7 10 12 | 12.0
Armour         | 4 6 |  6.0
Earth Magic    | 6 10 11 12 | 12.7
Stealth        | |  1.7

Action                   |  1- 3 |  4- 6 |  7- 9 | 10-12 | 13-15 | 16-18 | 19-21 || total
-------------------------+-------+-------+-------+-------+-------+-------+-------++-------
Melee: Dagger            |     4 |     1 |       |       |       |       |       ||     5
       Spear             |       |    15 |    18 |       |       |       |       ||    33
       Trident           |       |       |    75 |       |       |    11 |       ||    86
       Long sword        |       |       |     8 |    89 |    17 |    16 |       ||   130
       War axe           |       |       |       |    54 |   154 |    13 |     8 ||   229
       Staff             |       |       |       |       |     4 |     5 |       ||     9
       Scimitar          |       |       |       |       |       |     7 |       ||     7
Throw: Stone             |       |     2 |       |     3 |     4 |     3 |       ||    12
 Cast: Flame Tongue      |    77 |   170 |   324 |   255 |    53 |    19 |       ||   898
       Conjure Flame     |       |     9 |    38 |    30 |    19 |     6 |       ||   102
       Sticky Flame      |       |       |    27 |    53 |    97 |    62 |       ||   239
       Throw Flame       |       |       |       |   224 |   352 |     7 |       ||   583
       Fireball          |       |       |       |    83 |   412 |   706 |    62 ||  1263
       Confusing Touch   |       |       |       |     3 |       |       |       ||     3
       Bolt of Magma     |       |       |       |       |    41 |    97 |    22 ||   160
       Iron Shot         |       |       |       |       |     2 |    59 |     3 ||    64
Evoke: Wand              |       |       |    15 |     1 |    19 |    10 |       ||    45
  Use: Scroll            |       |     6 |    11 |    16 |     8 |    18 |    10 ||    69
       Potion            |       |       |     1 |     6 |     4 |    10 |     7 ||    28
  Eat: Chunk             |     4 |     6 |    13 |    39 |    47 |    45 |     6 ||   160
       Ration            |       |     2 |     5 |     6 |     9 |    14 |       ||    36
Armor: Robe              |     9 |    27 |    69 |    17 |       |       |       ||   122
       Ring mail         |       |       |       |    55 |   127 |   144 |    20 ||   346
Dodge: Dodged            |    19 |    56 |   111 |   158 |   262 |   268 |    48 ||   922
       Deflected         |       |       |       |       |    16 |    72 |     5 ||    93
Block: Buckler           |       |       |    12 |    41 |    97 |   105 |    17 ||   272
       Rpst.: Long sword |       |       |     7 |    31 |     3 |     4 |       ||    45
